 Dungeon Crawl Stone Soup version 0.31.0-12-g77e489cdc1 (webtiles) character file.

Game seed: 9193093905034012631

5103 hawla the Protected (level 10, -4/129 HPs)
             Began as a Minotaur Fighter on Feb 13, 2024.
             Was a Follower of Yredelemnul.
             Slain by an orc warrior
             ... wielding a +0 halberd
              (16 damage)
             ... in a bailey.
             The game lasted 00:14:32 (7958 turns).

hawla the Protected (Minotaur Fighter)              Turns: 7958, Time: 00:14:34

Health: -4/129     AC: 25    Str: 23 (26) XL:     10   Next: 32%
Magic:  8/8        EV:  2    Int:  4 (5)  God:    Yredelemnul [*.....]
Gold:   508        SH:  4    Dex:  7 (9)  Spells: 9/9 levels left

rFire   . . .        a - +1 war axe
rCold   . . .        c - +0 buckler
rNeg    . . .        k - melded +0 plate armour
rPois   +            (helmet currently unavailable)
rElec   .            v - melded +0 cloak
rCorr   +            u - melded +0 pair of gloves
SInv    +            (boots currently unavailable)
Will    .....        i - amulet of faith
Stlth   +            q - ring of see invisible
HPRegen 0.41/turn    w - ring of resist corrosion
MPRegen 0.11/turn

%: faith
@: tree-form
A: stationary, stasis, torment immunity, boosted hp, (horns 2), (retaliatory
headbutt), low MP 1
a: Renounce Religion, Recall Undead Harvest


You were in a bailey.
You worshipped Yredelemnul.
Yredelemnul was noncommittal.
You were a tree.
You visited 2 branches of the dungeon, and saw 10 of its levels.
You also visited: Bailey.

You collected 508 gold pieces.

Inventory:

Hand Weapons
 a - a +1 war axe (weapon)
 d - a +6 scythe of flaming
Missiles
 p - 10 poisoned darts (quivered)
 y - a throwing net
Armour
 c - a +0 buckler (worn)
 k - a +0 plate armour (melded)
 n - a +0 chain mail
 u - a +0 pair of gloves (melded)
 v - a +0 cloak (melded)
Jewellery
 f - a ring of fire
 i - an amulet of faith (around neck)
 q - a ring of see invisible (left branch)
 w - a ring of resist corrosion (right branch)
 C - a +4 ring of protection
Wands
 h - a wand of paralysis (8)
 m - a wand of flame (26)
 D - a wand of polymorph (14)
Scrolls
 g - 4 scrolls of teleportation
 j - 2 scrolls of vulnerability
 t - a scroll of revelation
 x - a scroll of silence
 A - a scroll of torment
 E - a scroll of fear
 F - 2 scrolls of identify
Potions
 b - 2 potions of attraction
 e - 3 potions of curing
 l - 2 potions of lignification
 o - a potion of cancellation
 s - a potion of magic
 B - a potion of might
 G - a potion of heal wounds {unknown}


   Skills:
 - Level 7.0 Fighting
 + Level 5.7(6.6) Axes
 + Level 5.0(6.3) Polearms
 - Level 6.0 Throwing
 - Level 10.0 Armour
 - Level 8.0 Dodging
 - Level 5.0 Shields
 - Level 3.0 Evocations


You had 9 spell levels left.
You didn't know any spells.
Your spell library was empty.

Dungeon Overview and Level Annotations

Branches:
Dungeon (9/15)             Temple (1/1) D:7          Bailey (1/1)
   Lair: D:8-11         Orc: D:9-12

Altars:
Ashenzari
Cheibriados
Dithmenos
Elyvilon
Fedhas
Gozag
Hepliaklqana
Kikubaaqudgha
Nemelex Xobeh
Okawaru
Ru
Sif Muna
Trog
Uskayaw
Vehumet
Wu Jian
Xom
Yredelemnul
Zin
The Shining One

Annotations:
D:7 1 runed translucent door Bailey 2 runed translucent doors


Innate Abilities, Weirdness & Mutations

You are a tree.
Your roots penetrate the ground, keeping you stationary.
You cannot be teleported.
You are immune to unholy pain and torment.
Your maximum health is greatly increased.
Your equipment is partially melded.
((You have a pair of horns on your head.))
((You reflexively headbutt those who attack you in melee.))
Your magical capacity is low. (-10% MP)


Message History

The poisoned dart hits the orc warrior!
The orc warrior looks as sick as possible!
The orc warrior shouts!
The orc knight hits you from afar with a +0 trident!
The orc warrior hits you from afar with a +0 halberd!
Your orc zombie hits the orc warrior but does no damage.
You turn into a tree.
Your +0 cloak melds into your body.
Your +0 pair of gloves melds into your body.
Your +0 plate armour melds into your body.
Your roots penetrate the ground.
The orc knight hits you from afar with a +0 trident!
* * * LOW HITPOINT WARNING * * *
An orc warrior comes into view. It is wielding a +0 halberd.
The orc warrior hits you but does no damage.
Your orc zombie hits the orc warrior but does no damage.
Your orc zombie closely misses the orc warrior.
It was a potion of mutation.
You feel extremely strange.
You feel less energetic.
The orc warrior shouts!
The orc knight hits you from afar with a +0 trident!
* * * LOW HITPOINT WARNING * * *
The orc warrior hits you from afar with a +0 halberd!
* * * LOW HITPOINT WARNING * * *
Your orc zombie closely misses the orc warrior.
Your orc zombie barely misses the orc warrior.
The orc knight hits you but does no damage.
The orc warrior hits you but does no damage.
Your orc zombie hits the orc warrior but does no damage.
The orc knight hits you from afar with a +0 trident.
* * * LOW HITPOINT WARNING * * *
The orc warrior hits you from afar with a +0 halberd!
* * * LOW HITPOINT WARNING * * *
Your orc zombie closely misses the orc warrior.
It was a potion of degeneration.
There was something very wrong with that liquid.
You feel weakened.
You feel dopey.
You feel clumsy.
The orc knight hits you but does no damage.
The orc warrior hits you from afar with a +0 halberd!
You die...
Your body rises from the dead as a mindless zombie.

#### #######
##..♣♣♣≈≈≈≈≈♣♣
#....♣♣≈≈≈≈≈.♣
####..♣≈≈≈≈≈...
##########.$#..♣≈≈≈≈..♣.
....ooZZ)...#...≈≈≈≈....
....ooZ♣...##.♣.≈≈≈≈..♣.
.########..#....≈≈≈≈....
#.. #8.#...######... #..
#..#.....)...... o+.
#..'............ o+
#..'............ .
#..#............
#8.#...######...
#..#....≈ ≈..♣.


You could see an orc knight (ally target), 4 orc warriors, an orc (strong), 2
friendly orc zombies and a friendly orc warrior zombie.

Vanquished Creatures
  2 hornets (D:7)
  Sigmund (D:2)
  Eustachio (D:5)
  2 steam dragons
  A yak (D:9)
  3 orc warriors
  An ice beast (D:5)
  4 ogres
  6 black bears
  2 sky beasts
  3 centaurs
  Blork the orc (D:6)
  A kobold brigand (D:7)
  2 bullfrogs
  5 scorpions
  8 killer bees (D:7)
  3 howler monkeys (D:7)
  2 bombardier beetles
  4 hounds
  A jelly (D:5)
  3 orc priests
  2 gnoll boudas
  An iguana (D:5)
  2 sleepcaps
  Natasha (thrice) (D:2)
  2 orc wizards (D:3)
  Robin (D:2)
  11 gnolls
  8 adders
  A shadow imp (D:6)
  3 dart slugs
  2 ribbon worms
  20 orcs
  3 bats (D:2)
  8 endoplasms
  8 giant cockroaches
  14 goblins
  9 hobgoblins
  16 kobolds
  2 quokkas
  3 ball pythons (D:2)
  5 frilled lizards
  8 rats
  2 butterflies (D:7)
190 creatures vanquished.

Vanquished Creatures (collateral kills)
  Psyche (D:8)
  A water moccasin (D:8)
  A scorpion (D:7)
  A sleepcap (D:8)
  A giant cockroach (D:7)
  A butterfly (D:7)
6 creatures vanquished.

Grand Total: 196 creatures vanquished

Notes
Turn   | Place    | Note
-------+----------+-------------------------------------------
     0 | D:1      | hawla the Minotaur Fighter began the quest for the Orb.
     0 | D:1      | Reached XP level 1. HP: 19/19 MP: 0/0
    78 | D:1      | Reached skill level 1 in Dodging
   167 | D:1      | Reached XP level 2. HP: 22/26 MP: 1/1
   738 | D:2      | Noticed Sigmund
   759 | D:1      | Reached XP level 3. HP: 16/33 MP: 2/2
   924 | D:2      | Killed Sigmund
   925 | D:2      | Reached skill level 5 in Fighting
   925 | D:2      | Reached skill level 5 in Shields
   925 | D:2      | Reached skill level 5 in Armour
   925 | D:2      | Reached XP level 4. HP: 19/42 MP: 3/3
   925 | D:2      | Reached XP level 5. HP: 22/48 MP: 4/4
  1092 | D:2      | Noticed Robin
  1101 | D:2      | Killed Robin
  1102 | D:2      | Reached skill level 6 in Armour
  1104 | D:2      | Reached XP level 6. HP: 49/56 MP: 5/5
  1543 | D:2      | Noticed Natasha
  1547 | D:2      | Killed Natasha
  1722 | D:2      | Noticed Natasha
  1727 | D:2      | Killed Natasha
  1732 | D:2      | Noticed Natasha
  1738 | D:2      | Killed Natasha
  1897 | D:3      | Reached skill level 7 in Armour
  2116 | D:3      | Found an opulent altar of Gozag.
  2339 | D:3      | Found a hazy altar of Hepliaklqana.
  2732 | D:4      | Reached skill level 8 in Armour
  2732 | D:4      | Reached XP level 7. HP: 33/61 MP: 3/6
  3313 | D:5      | Entered Level 5 of the Dungeon
  3403 | D:5      | Noticed Eustachio
  3424 | D:5      | Killed Eustachio
  3425 | D:5      | Reached skill level 9 in Armour
  3561 | D:5      | Reached skill level 10 in Armour
  3561 | D:5      | Reached skill level 1 in Evocations
  3568 | D:5      | Reached XP level 8. HP: 25/68 MP: 2/7
  3915 | D:5      | Reached skill level 1 in Throwing
  4336 | D:5      | Found a sparkling altar of Nemelex Xobeh.
  4341 | D:5      | Found an ornate altar of the Wu Jian Council.
  4795 | D:6      | Reached skill level 5 in Throwing
  4974 | D:6      | Found a white marble altar of Elyvilon.
  4982 | D:6      | Noticed Blork the orc
  5002 | D:6      | Killed Blork the orc
  5419 | D:7      | Reached XP level 9. HP: 44/74 MP: 6/8
  5522 | D:7      | Found a runed translucent door.
  5524 | D:7      | Found a runed translucent door.
  5549 | D:7      | Reached skill level 5 in Dodging
  6050 | D:7      | Found a glowing golden altar of the Shining One.
  6086 | D:7      | Found a bloodstained altar of Trog.
  6286 | D:7      | Found a shimmering blue altar of Sif Muna.
  6369 | D:7      | Reached skill level 1 in Polearms
  6466 | D:7      | Found a staircase to the Ecumenical Temple.
  6728 | Temple   | Entered the Ecumenical Temple
  6751 | Temple   | Became a worshipper of Yredelemnul the Dark
  6854 | D:8      | Found a shadowy altar of Dithmenos.
  7060 | D:8      | Found an ancient bone altar of Kikubaaqudgha.
  7072 | D:8      | Noticed Psyche
  7081 | D:8      | Killed Psyche
  7082 | D:8      | Reached * piety under Yredelemnul
  7082 | D:8      | Reached XP level 10. HP: 82/86 MP: 9/9
  7143 | D:8      | Reached ** piety under Yredelemnul
  7242 | D:8      | Found a broken altar of Ashenzari.
  7388 | D:8      | Found a sacrificial altar of Ru.
  7653 | D:7      | Reached skill level 5 in Axes
  7748 | D:9      | Found a flagged portal.
  7763 | Bailey   | Entered a bailey
  7943 | Bailey   | Noticed an orc knight
  7948 | Bailey   | Found a large runed translucent door.
  7948 | Bailey   | Found a large runed translucent door.
  7952 | Bailey   | Reached skill level 5 in Polearms
  7955 | Bailey   | Gained mutation: Your magical capacity is low. (-10% MP)
                  | [potion of mutation]
  7958 | Bailey   | Slain by an orc warrior

Illustrated notes

Levels and vault maps discovered:
D:1:      dpeg_arrival_snail, layout_loops_cross, minmay_misc_feat_doors,
          minmay_misc_feat_iff
D:2:      wad_crossroads, layout_basic, uniq_robin, uniq_sigmund, uniq_natasha
D:3:      layout_loops_cross, grunt_gozag_statues, overflow_temple_1_default
D:4:      layout_rooms, minmay_misc_feat_roman
D:5:      layout_cave_pods, mainiacjoe_overflow_big_doors, uniq_eustachio
D:6:      layout_loops_cross, mainiacjoe_overflow_brackets, uniq_blork_the_orc
D:7:      lemuel_insect_pit, layout_cave_pools, lemuel_round_altar,
          mainiacjoe_overflow_alcove_1, trog_ov_bears_minmay, temple_hall,
          hangedman_abyss_or_decor_stabs
D:8:      black_bear_nest_2, layout_cave_pools, nicolae_dithmenos_shadow_blocks,
          mainiacjoe_overflow_paths, mainiacjoe_overflow_small_starburst,
          nicolae_ru_sacrificial_ziggurat, minmay_misc_feat_secret_circle,
          uniq_psyche
D:9:      layout_gridville, grunt_qazlal_clouds, enter_bailey_4
Temple:   hellmonk_temple_two_chambers
Bailey:   bailey_polearm_elven_captive_hellmonk, bailey

Skill      XL: |  1  2  3  4  5  6  7  8  9 10 |
---------------+-------------------------------+-----
Dodging        | 1 2 3 8 |  8.0
Fighting       | 4 5 7 |  7.0
Shields        | 4 5 |  5.0
Armour         | 5 6 8 10 | 10.0
Evocations     | 2 3 |  3.0
Throwing       | 6 |  6.0
Polearms       | 2 5 |  5.0
Axes           | 3 5 |  5.7

Action                     |  1- 3 |  4- 6 |  7- 9 | 10-12 || total
---------------------------+-------+-------+-------+-------++-------
  Melee: War axe           |    60 |    95 |   247 |    48 ||   450
         Headbutt          |     4 |    15 |    42 |    13 ||    74
  Throw: Dart              |       |       |     4 |     2 ||     6
  Evoke: Wand              |       |       |     2 |       ||     2
    Use: Scroll            |     2 |     5 |     5 |     2 ||    14
         Potion            |     3 |       |       |     3 ||     6
   Stab: Paralysed         |       |       |     4 |       ||     4
 Armour: Scale mail        |    49 |    53 |       |       ||   102
         Skin              |     6 |       |       |    10 ||    16
         Chain mail        |       |    33 |   316 |       ||   349
         Plate armour      |       |       |    21 |    92 ||   113
  Dodge: Dodged            |    24 |    54 |   205 |    59 ||   342
  Block: Buckler           |    12 |    15 |    71 |    32 ||   130
